 Dungeon Crawl Stone Soup version 0.31-a0-881-ge136f0c47a (webtiles) character file.

Game seed: 12339689194029132948

1251 gruber the Destroyer (level 8, -16/41 HPs)
             Began as a Deep Elf Conjurer on Oct 15, 2023.
             Demolished by Pikel
             ... wielding a +0 whip of electrocution
              (20 damage)
             ... on level 5 of the Dungeon.
             The game lasted 00:05:25 (4914 turns).

gruber the Destroyer (Deep Elf Conjurer)            Turns: 4914, Time: 00:05:26

Health: -16/41     AC:  4    Str:  4    XL:     8   Next: 26%
Magic:  24/32      EV: 17    Int: 26    God:
Gold:   230        SH:  0    Dex: 16    Spells: 18/25 levels left

rFire   . . .        v - +4 glaive "Ultimatum" {drain, MP+9 Dex+3}
rCold   . . .        (shield currently unavailable)
rNeg    . . .        t - +1 robe {Will+}
rPois   .            (no helmet)
rElec   .            (no cloak)
rCorr   .            s - +0 pair of gloves
SInv    .            (no boots)
Will    +....        (no amulet)
Stlth   ++           q - +5 ring of evasion
HPRegen 0.26/turn    (no ring)
MPRegen 0.23/turn

%: no passive effects
@: no status effects
A: no striking features
a: no special abilities


You were on level 5 of the Dungeon.
You visited 1 branch of the dungeon, and saw 5 of its levels.

You collected 230 gold pieces.

Inventory:

Hand Weapons
 v - the +4 glaive "Ultimatum" (weapon) {drain, MP+9 Dex+3}
   (You found it on level 4 of the Dungeon)

   Dex+3:     It affects your dexterity (+3).
   MP+9:      It affects your magic capacity (+9).
Armour
 s - a +0 pair of gloves (worn)
 t - a +1 robe of willpower (worn)
Magical Staves
 i - a staff of conjuration
Jewellery
 q - a +5 ring of evasion (left hand)
Wands
 o - a wand of polymorph (5)
Scrolls
 d - 3 scrolls of teleportation {unknown}
 e - 2 scrolls of blinking {unknown}
 f - 2 scrolls of enchant weapon {unknown}
 g - 4 scrolls of amnesia {unknown}
 h - 4 scrolls of identify {unknown}
 m - a scroll of fog {unknown}
 u - a scroll of torment {unknown}
Potions
 a - a potion of attraction {unknown}
 b - a potion of magic
 c - 2 potions of heal wounds {unknown}
 j - a potion of cancellation {unknown}
 k - a potion of invisibility {unknown}
 l - 2 potions of ambrosia {unknown}
 n - 2 potions of enlightenment {unknown}
 p - a potion of curing {unknown}
 r - a potion of mutation {unknown}


   Skills:
 - Level 2.4 Dodging
 - Level 2.4 Stealth
 - Level 9.1 Spellcasting
 * Level 9.3 Conjurations


You had 18 spell levels left.
You knew the following spells:

 Your Spells              Type           Power      Damage    Failure   Level
a - Magic Dart            Conj           100%       1d8       1%          1
b - Searing Ray           Conj           100%       2d8       1%          2
c - Iskenderun's Mystic   Conj/Tloc      36%        2d9       8%          4

Your spell library contained the following spells:

 Spells                   Type           Power      Damage    Failure   Level
 Dazzling Flash           Conj/Hex       72%        N/A       2%          3
 Fulminant Prism          Conj/Hex       18%        3d10      8%          4
 Simulacrum               Ice/Necr       5%         N/A       100%        6
 Ozocubu's Refrigeration  Ice            5%         4d8       100%        7
 Polar Vortex             Ice            5%         N/A       100%        9


Dungeon Overview and Level Annotations

Branches:
Dungeon (5/15)
 Temple: D:4-7

Altars:
Gozag
Sif Muna

Annotations:
D:2 1 runed translucent door, Crazy Yiuf
D:5 Pikel


Message History

You now have 230 gold pieces (gained 29).
Items here: ( ))) [.
Pikel, Merchant of Souls comes into view.
He is wielding a +0 whip of electrocution.
Pikel shouts!
You hear a shout!
Casting: Magic Dart (safe; 1% risk of failure)
Confirm with . or Enter, or press ? or * to list all spells.
Aiming: Searing Ray (safe; 1% risk of failure)
Press: ? - help, Shift-Dir - straight line, f - Pikel
Aim: Pikel, wielding a +0 whip of electrocution and wearing a +0 robe (79% to hit)
The searing ray hits Pikel!
Pikel is lightly wounded. (Press . to maintain the ray.)
The searing ray hits Pikel!
Pikel is heavily wounded.
The searing ray hits Pikel!
Pikel is severely wounded.
The searing ray misses Pikel.
You finish channelling your searing ray.
Pikel closely misses you.
Casting: Searing Ray (safe; 1% risk of failure)
Confirm with . or Enter, or press ? or * to list all spells.
Aiming: Searing Ray (safe; 1% risk of failure)
Press: ? - help, Shift-Dir - straight line, f/p - Pikel
Aim: Pikel, wielding a +0 whip of electrocution and wearing a +0 robe (severely wounded, 79% to hit)
The searing ray hits Pikel but does no damage.
Pikel is severely wounded. (Press . to maintain the ray.) Pikel hits you with a +0 whip of electrocution!
You are electrocuted!
The searing ray hits Pikel.
Pikel is severely wounded.
Pikel hits you with a +0 whip of electrocution.
You are electrocuted!
* * * LOW HITPOINT WARNING * * *
The searing ray misses Pikel.
Pikel hits you with a +0 whip of electrocution.
* * * LOW HITPOINT WARNING * * *
You are electrocuted!!
You die...
Pikel says, "See you in Hell!"

####..# ##..######
....K..
####.......... #...##
##....##..#####
#....###..#### ....#
###.#....#)### .##...
......##......####.#
..#
###.#............#.##
.#
#.####K#.##........ .
#....#@#÷####......
#<....#########.
#..).....# #..#÷###.#
+....## .. #.....##
## #.##...####.
#)))........ ##
####.#......


You could see Pikel.

Vanquished Creatures
  Sigmund (D:4)
  Menkaure (D:4)
  A water moccasin (D:5)
  2 lemures (D:5)
  Blork the orc (D:5)
  2 phantoms
  2 scorpions (D:4)
  A howler monkey (D:4)
  5 orc priests
  A sleepcap (D:5)
  Jessica (D:3)
  3 orc wizards
  10 adders
  A white imp (D:5)
  2 worms
  A dart slug (D:1)
  15 orcs
  8 ball pythons
  4 bats
  10 endoplasms
  5 giant cockroaches
  9 goblins
  10 hobgoblins
  17 jackals
  7 kobolds
  5 quokkas
  4 frilled lizards
  3 rats (D:1)
132 creatures vanquished.

Notes
Turn   | Place    | Note
-------+----------+-------------------------------------------
     0 | D:1      | gruber the Deep Elf Conjurer began the quest for the Orb.
     0 | D:1      | Reached XP level 1. HP: 10/10 MP: 6/6
   188 | D:1      | Reached XP level 2. HP: 15/15 MP: 6/8
   191 | D:1      | Learned a level 2 spell: Searing Ray
   209 | D:1      | Reached skill level 5 in Conjurations
   527 | D:1      | Reached XP level 3. HP: 19/19 MP: 6/9
  1166 | D:2      | Identified the +8 chain mail "Kanyesuf" {Int+3}
  1292 | D:2      | Reached XP level 4. HP: 21/24 MP: 4/10
  1711 | D:2      | Found a runed translucent door.
  1712 | D:2      | Noticed Crazy Yiuf
  2269 | D:2      | Learned a level 4 spell: Iskenderun's Mystic Blast
  2379 | D:3      | Reached XP level 5. HP: 28/28 MP: 6/11
  2563 | D:3      | Found a shimmering blue altar of Sif Muna.
  2694 | D:3      | Noticed Jessica
  2696 | D:3      | Killed Jessica
  2881 | D:4      | Noticed Sigmund
  2884 | D:4      | Noticed Menkaure
  2886 | D:4      | Killed Sigmund
  2887 | D:4      | Reached XP level 6. HP: 32/32 MP: 6/12
  2891 | D:4      | Killed Menkaure
  3012 | D:4      | Reached XP level 7. HP: 33/36 MP: 4/14
  3208 | D:3      | Found an opulent altar of Gozag.
  3363 | D:3      | Reached skill level 5 in Spellcasting
  4322 | D:4      | Identified the +4 glaive "Ultimatum" {drain, MP+9 Dex+3}
  4395 | D:5      | Entered Level 5 of the Dungeon
  4515 | D:5      | Reached XP level 8. HP: 41/41 MP: 22/22
  4607 | D:5      | Noticed Blork the orc
  4629 | D:5      | Killed Blork the orc
  4901 | D:5      | Noticed Pikel
  4914 | D:5      | Demolished by Pikel

Illustrated notes

Levels and vault maps discovered:
D:1:      kennysheep_arrival_seaside, layout_rooms, item_on_display_a
D:2:      layout_basic, minmay_joined_circles, uniq_crazy_yiuf_cottage
D:3:      layout_rooms, old_standard_altar,
          nicolae_gozag_cash_rules_everything_around_me, item_on_display_a,
          uniq_jessica
D:4:      layout_basic, minmay_checkerbox, uniq_sigmund, uniq_menkaure
D:5:      layout_rooms, hangedman_decor_clover_reticule,
          chequers_serial_rivers_room_b, uniq_blork_the_orc, uniq_pikel

Skill      XL: |  1  2  3  4  5  6  7  8 |
---------------+-------------------------+-----
Conjurations   | 5 6 7 8 9 |  9.3
Spellcasting   | 8 9 |  9.1
Dodging        | |  2.4
Stealth        | |  2.4

Action                     |  1- 3 |  4- 6 |  7- 9 || total
---------------------------+-------+-------+-------++-------
  Melee: Unarmed           |     3 |       |       ||     3
         Staff             |       |       |     1 ||     1
   Cast: Magic Dart        |    64 |    70 |    74 ||   208
         Searing Ray       |     2 |     9 |    24 ||    35
 Armour: Robe              |     7 |    12 |    11 ||    30
  Dodge: Dodged            |     5 |    20 |    16 ||    41

Table legend: (Time is in decaauts)
 A = Elapsed time spent in this place.
 B = Non-inter-level travel time spent in this place.
 C = Inter-level travel time spent in this place.
 D = Time resting spent in this place.
 E = Time spent auto-exploring this place.
 F = Levels seen in this place.
 G = Mean time per level.
                   A        B        C        D        E       F      G
               +--------+--------+--------+--------+--------+-----+--------+
         Total |   4912 |   4742 |    170 |     45 |   4079 |   5 |  982.4 |
       Dungeon |   4912 |   4742 |    170 |     45 |   4079 |   5 |  982.4 |
               +--------+--------+--------+--------+--------+-----+--------+

Top non-repeatable levels by time:
     D:2: 1271 daAuts
     D:4: 1188 daAuts
     D:1: 993 daAuts
     D:3: 940 daAuts
     D:5: 518 daAuts
